 Dungeon Crawl Stone Soup version 0.30-a0-1157-g2cc9ac7196 (webtiles) character file.

Game seed: 12427171877744097028

19651 ytrimaz the Severer (level 12, -2/81 HPs)
             Began as a Demonspawn Fighter on Apr 24, 2023.
             Killed from afar by Frances (9 damage)
             ... with an iron shot
             ... on level 12 of the Dungeon.
             The game lasted 00:19:23 (10316 turns).

ytrimaz the Severer (Demonspawn Fighter)           Turns: 10316, Time: 00:19:23

Health: -2/81      AC: 27    Str: 21    XL:     12   Next: 38%
Magic:  12/12      EV: 12    Int: 10    God:
Gold:   1240       SH: 12    Dex: 19    Spells: 11/11 levels left

rFire   . . .        a - +0 war axe
rCold   + + .        W - +0 buckler {rC+}
rNeg    + + .        E - +1 plate armour {rN+}
rPois   .            (helmet unavailable)
rElec   .            x - +2 cloak
rCorr   +            m - +2 pair of gloves {Stlth+}
SInv    .            b - +2 pair of boots "Wubrou" {rC+ rN+}
Will    .....        g - amulet of regeneration Stlth
                     A - ring of resist corrosion
HPRegen 1.13/turn    J - +6 ring of dexterity
MPRegen 0.13/turn

%: no passive effects
@: mighty, agile, studying 2 skills
A: horns 3, large bone plates 2, powered by pain 1, spiny 2
a: no special abilities


You were on level 12 of the Dungeon.
You visited 1 branch of the dungeon, and saw 10 of its levels.
You also visited: Ossuary, Bailey and Ice Cave.

You collected 1549 gold pieces.
You spent 309 gold pieces at shops.


Innate Abilities, Weirdness & Mutations

You have a pair of large horns on your head.
You are mostly covered in large bone plates. (SH +6)
You sometimes gain a little power by taking damage.
You are mostly covered in sharp spines.


   Skills:
 - Level 3.0 Fighting
 + Level 15.6 Axes
 + Level 13.4 Armour
 - Level 4.0 Shields


You had 11 spell levels left.
You didn't know any spells.
Your spell library contained the following spells:

 Spells                   Type           Power      Damage    Failure   Level
 Apportation              Tloc           0%         N/A       99%         1
 Necrotise                Necr           0%         1d4       99%         1
 Summon Small Mammal      Summ           0%         N/A       99%         1
 Scorch                   Fire           0%         2d5       100%        2
 Volatile Blastmotes      Fire/Tloc      0%         2d10      100%        3
 Flame Wave               Conj/Fire      0%         2d4       100%        4
 Fulminant Prism          Conj/Hex       0%         3d5       100%        4
 Iskenderun's Mystic Bla  Conj/Tloc      0%         2d3       100%        4
 Lee's Rapid Deconstruct  Erth           0%         3d4*      100%        5
 Summon Cactus Giant      Summ           0%         N/A       100%        6

Inventory:

Hand Weapons
 a - a +0 war axe (weapon)
 p - a +2 heavy hand axe
   (You took it off an orc on level 5 of the Dungeon)
 y - a +0 war axe of distortion
   (You took it off Maggie on level 6 of the Dungeon)
Armour
 b - the +2 pair of boots "Wubrou" (worn) {rC+ rN+}
   (You found it in a bailey)

   rC:        It protects you from cold.
   rN:        It protects you from negative energy.
 c - a +0 buckler
 m - a +2 pair of gloves of stealth (worn)
   (You found it on level 2 of the Dungeon)
 x - a +2 cloak (worn)
   (You found it on level 6 of the Dungeon)
 z - +0 acid dragon scales
   (You took it off Maggie on level 6 of the Dungeon)
 E - a +1 plate armour of positive energy (worn)
   (You found it in a bailey)
 V - a +0 plate armour of cold resistance
   (You found it in an ice cave)
 W - a +0 buckler of cold resistance (worn)
   (You found it in an ice cave)
Jewellery
 e - a ring of protection from cold
   (You took it off an orc wizard on level 7 of the Dungeon)
 g - an amulet of regeneration (around neck)
   (You found it on level 2 of the Dungeon)
 A - a ring of resist corrosion (left hand)
   (You found it on level 6 of the Dungeon)
 B - a ring of positive energy
   (You took it off an orc warrior on level 7 of the Dungeon)
 J - a +6 ring of dexterity (right hand)
   (You found it in an ossuary)
 L - a ring of fire
   (You found it in an ossuary)
 Q - an amulet of magic regeneration
   (You found it on level 11 of the Dungeon)
 S - an amulet of guardian spirit
   (You found it on level 11 of the Dungeon)
 U - a ring of ice
   (You took it off a necromancer in an ice cave)
Wands
 d - a wand of light (4)
   (You found it on level 3 of the Dungeon)
 k - a wand of mindburst (10)
   (You found it on level 4 of the Dungeon)
 G - a wand of flame (22) (quivered)
   (You found it on level 7 of the Dungeon)
 R - a wand of roots (2)
   (You found it on level 11 of the Dungeon)
Scrolls
 f - 3 scrolls of magic mapping
 h - 2 scrolls of silence
 o - a scroll of summoning
 v - 2 scrolls of enchant armour {unknown}
 w - 2 scrolls of enchant weapon {unknown}
 C - a scroll of brand weapon {unknown}
 H - a scroll of amnesia
 N - 4 scrolls of immolation {unknown}
 P - 2 scrolls of fog
 T - a scroll of blinking {unknown}
Potions
 i - 2 potions of berserk rage
 j - 4 potions of brilliance
 l - 2 potions of ambrosia {unknown}
 n - 3 potions of degeneration {unknown}
 q - 3 potions of invisibility
 r - 2 potions of lignification
 s - a potion of cancellation
 t - 2 potions of mutation
 u - 2 potions of resistance
 D - a potion of attraction {unknown}
 K - 2 potions of heal wounds
 O - 3 potions of curing
Miscellaneous
 F - a box of beasts
   (You found it in a bailey)

Dungeon Overview and Level Annotations

Branches:
Dungeon (12/15) Zot: 26717  Temple (0/1) D:4            Lair (0/5) D:8
Ossuary (visited)          Bailey (visited)           IceCv (visited)
    Orc: D:9-12

Altars:
Ashenzari
Dithmenos
Kikubaaqudgha
Trog

Shops:
D:2 !   D:4 [   D:6 !:(   D:8 :

Annotations:
D:11 2 transporters, Viom's ghost, journeyman MeFi
D:12 Frances

...)...###...........
.......##........#.....
......###......./..##..
......##.....$.........
..#)..##(..............#
.###....##.......>.....#
.###)...........@......##
.#..#............#......#
....#...........@###.....
##....................#
##..............4....##
#<..................<.#
.................##..##
.................#.....#
.##....................#
(. .....................#
........................#


You could see Frances (fast, fleeing) and an orange demon (summoned, fleeing).


Message History

The wraith is struck by your spines.
The wraith hits you but does no damage. 😮 HP[+1]
You slash the wraith! 😮 HP[+1] Unknown command.
You hit the wraith. You headbutt the wraith.
The wraith hits you but does no damage. 😮 HP[+1]
You barely miss the wraith.
You headbutt the wraith, but do no damage.
The wraith hits you but does no damage.
You hit the wraith but do no damage. You headbutt the wraith.
The wraith hits you. 😮 HP[-2]
You take 2 damage, and now have 52/80 hp.
You hit the wraith. 😮 HP[+1] Unknown command.
You hit the wraith but do no damage. You headbutt the wraith.
You destroy the wraith!
Your life force feels restored. 😮 HP[+1]
You now have 81 max hp (+1). 😮 HP[+1] 😮 HP[+1]
You start resting. 😎 HP[+25]
Your hp is fully restored (81).
Unknown command.
There is a stone staircase leading down here.
You climb downwards.
Level annotation: Frances
There is a stone staircase leading up here.
Unknown command.
h - 2 scrolls of silence (gained 1) Frances is nearby!
Unknown command.
You start waiting.
Frances is nearby!
Unknown command.
Frances is nearby!
Frances shouts!
Frances screams a word of power!
Frances seems to speed up.
You start waiting.
Frances is nearby!
Frances is struck by your spines.
Frances hits you with a +0 morningstar!!
You focus on the pain.
You feel very mighty all of a sudden. 😕 HP[-18]
You take 18 damage, and now have 63/81 hp.
MASSIVE DAMAGE!! (PAUSE)
You hit Frances. Frances is struck by your spines.
Frances hits you but does no damage. 😕 HP[+1]
You hit Frances but do no damage. Your headbutt misses Frances.
Frances screams a word of power!
The iron shot hits you!!
* * * LOW HITPOINT WARNING * * *
You focus on the pain.
You feel agile all of a sudden. 😨 HP[-27]
You take 27 damage, and now have 37/81 hp.
MASSIVE DAMAGE!! (PAUSE)
You slice Frances!! You block Frances's attack. 😨 HP[+1]
You closely miss Frances. You headbutt Frances! Frances barely misses you.
Unknown command.
You slash Frances! You headbutt Frances!!
Frances hits you with a +0 morningstar!
* * * LOW HITPOINT WARNING * * *
😨 HP[-6]
You take 6 damage, and now have 32/81 hp.
Unknown command.
You barely miss Frances. You headbutt Frances!
Frances whispers indecipherable words. 😨 HP[+1]
You slice Frances!! You headbutt Frances, but do no damage.
You slash the orange demon!
Frances hits you with a +0 morningstar!!
* * * LOW HITPOINT WARNING * * *
You block Frances's attack.
Unknown command. 😱 HP[-27]
You take 27 damage, and now have 6/81 hp.
MASSIVE DAMAGE!! (PAUSE)
You feel much better.
The orange demon is struck by your spines.
The orange demon stings you but does no damage.
You block the orange demon's attack.
Frances whispers indecipherable words.
The shard of ice hits you!! You partially resist.
* * * LOW HITPOINT WARNING * * *
As you read the scroll of fear, it crumbles to dust.
You assume a fearsome visage.
The orange demon looks frightened!
Frances looks frightened!
Frances whispers indecipherable words.
The iron shot hits you!
You die...

Skill      XL: |  1  2  3  4  5  6  7  8  9 10 11 12 |
---------------+-------------------------------------+-----
Axes           | 2 4 6 8 10 12 13 15 | 15.6
Shields        | 3 4 |  4.0
Armour         | 4 7 12 13 | 13.4
Fighting       | |  3.0

Action                     |  1- 3 |  4- 6 |  7- 9 | 10-12 || total
---------------------------+-------+-------+-------+-------++-------
  Melee: War axe           |    75 |    97 |   394 |   278 ||   844
         Headbutt          |       |    19 |    74 |   132 ||   225
         Hand axe          |       |       |       |   177 ||   177
  Evoke: Wand              |       |       |       |     6 ||     6
    Use: Potion            |     1 |       |       |     7 ||     8
         Scroll            |       |     4 |     8 |     8 ||    20
 Armour: Scale mail        |    30 |    30 |    64 |       ||   124
         Plate armour      |       |       |    84 |   244 ||   328
  Dodge: Dodged            |    37 |    37 |   114 |    70 ||   258
  Block: Buckler           |    32 |    56 |   195 |   213 ||   496

Levels and vault maps discovered:
D:1:      minmay_arrival_nine_rooms, layout_basic
D:2:      layout_loops_ring, serial_shops, nicolae_shop_pleasant_corner_grove,
          minmay_misc_feat_chi, uniq_sigmund
D:3:      layout_loops_corners
D:4:      minmay_goblin_kobold_castle, layout_basic, minmay_temple_entry_mist,
          serial_shops, shop
D:5:      layout_loops_ring, st_stairs_9
D:6:      layout_basic, overflow_temple_1_default,
          nicolae_tso_swordbearing_angel, serial_shops, shop,
          nicolae_take_the_stairs, shop, corner_web_ring,
          kennysheep_minor_cross, grunt_ministairs_15, uniq_maggie
D:7:      nzn_winding_woodlands_cross
          [nzn_winding_woodlands_5x15_pathside_ponds,
          nzn_winding_woodlands_5x15_jagged,
          nzn_winding_woodlands_5x15_concentric,
          nzn_winding_woodlands_5x15_split_checker,
          nzn_winding_woodlands_15x15_five_gardens], layout_loops_cross,
          gammafunk_temple_overflow_wave, enter_bailey_3,
          gup_ossuary_entry_pyramid, serial_bayou_ford_a,
          chequers_serial_rivers_small_b, fountainhead
D:8:      layout_gridville, lemuel_doored_altar, general_overflow_altar,
          erik_lair_orcish_takeover, nicolae_shop_i_like_big_books
D:11:     layout_loops_cross, portal_ice_cave_rime, nzn_ghost_randoct,
          kennysheep_diamond
D:12:     layout_cave_pools, hiddenorc2_lemuel, wad_mini_maze, uniq_rupert,
          uniq_frances

Notes
Turn   | Place    | Note
-------+----------+-------------------------------------------
     0 | D:1      | ytrimaz the Demonspawn Fighter began the quest for the Orb.
     0 | D:1      | Reached XP level 1. HP: 18/18 MP: 1/1
     0 | D:1      | magus.rc [v1.9.6]
   122 | D:1      | Reached skill level 2 in Axes
   122 | D:1      | Reached skill level 3 in Shields
   145 | D:1      | Gained mutation: You sometimes gain a little power by
                  | taking damage. [demonic ancestry]
   145 | D:1      | Reached XP level 2. HP: 24/24 MP: 2/2
   525 | D:1      | Gained mutation: You are partially covered in large bone
                  | plates. (SH +4) [demonic ancestry]
   525 | D:1      | Reached XP level 3. HP: 26/29 MP: 3/3
   767 | D:1      | magus.rc [v1.9.6]
  1039 | D:2      | Noticed Sigmund
  1049 | D:2      | Killed Sigmund
  1050 | D:2      | Reached skill level 4 in Axes
  1050 | D:2      | Reached skill level 4 in Shields
  1050 | D:2      | Gained mutation: You have a pair of small horns on your
                  | head. [demonic ancestry]
  1050 | D:2      | Reached XP level 4. HP: 11/35 MP: 4/4
  1050 | D:2      | Gained mutation: You have a pair of horns on your head.
                  | [demonic ancestry]
  1050 | D:2      | Reached XP level 5. HP: 13/41 MP: 5/5
  1610 | D:2      | Found Giarudic's Distillery.
  1615 | D:2      | Bought a potion of curing for 36 gold pieces
  2293 | D:3      | Gained mutation: You are partially covered in sharp spines.
                  | [demonic ancestry]
  2293 | D:3      | Reached XP level 6. HP: 47/47 MP: 6/6
  2378 | D:3      | Reached skill level 5 in Axes
  2664 | D:4      | Found a staircase to the Ecumenical Temple.
  2741 | D:4      | You pick up a book of Cantrips and begin reading...
  2741 | D:4      | You add the spells Necrotise, Summon Small Mammal and
                  | Apportation to your library.
  3159 | D:4      | Reached skill level 6 in Axes
  3207 | D:4      | Reached XP level 7. HP: 35/52 MP: 7/7
  3318 | D:4      | Found Gikaxocu's Armour Boutique.
  3545 | D:4      | You pick up a book of Scorching and begin reading...
  3545 | D:4      | You add the spells Scorch, Flame Wave and Summon Cactus
                  | Giant to your library.
  3625 | D:4      | Reached skill level 7 in Axes
  4089 | D:5      | Entered Level 5 of the Dungeon
  4363 | D:5      | Reached skill level 8 in Axes
  4369 | D:5      | Gained mutation: You have a pair of large horns on your
                  | head. [demonic ancestry]
  4369 | D:5      | Reached XP level 8. HP: 42/58 MP: 8/8
  4597 | D:5      | Reached skill level 9 in Axes
  5043 | D:6      | Found Zadits's Distillery.
  5053 | D:6      | Bought a potion of berserk rage for 65 gold pieces
  5053 | D:6      | Bought 2 potions of lignification for 78 gold pieces
  5053 | D:6      | Bought a potion of resistance for 130 gold pieces
  5251 | D:6      | Reached skill level 10 in Axes
  5502 | D:6      | Found Zeaza's Weapon Emporium.
  5516 | D:6      | Noticed Maggie
  5535 | D:6      | Killed Maggie
  5536 | D:6      | Gained mutation: You are mostly covered in sharp spines.
                  | [demonic ancestry]
  5536 | D:6      | Reached XP level 9. HP: 38/63 MP: 9/9
  5652 | D:6      | Found Moriury's Book Emporium.
  5899 | D:7      | Found a flagged portal.
  5912 | Bailey   | Entered a bailey
  5937 | Bailey   | Reached skill level 11 in Axes
  6216 | Bailey   | Identified the +2 pair of boots "Wubrou" {rC+ rN+}
  6342 | D:7      | Found a sand-covered staircase.
  6350 | D:7      | Reached skill level 12 in Axes
  6351 | Ossuary  | Entered an ossuary
  6441 | Ossuary  | Reached skill level 3 in Armour
  6615 | Ossuary  | Reached skill level 4 in Armour
  6809 | D:7      | HP: 7/63 [orc priest/divine providence (11)]
  6853 | D:7      | Gained mutation: You are mostly covered in large bone
                  | plates. (SH +6) [demonic ancestry]
  6853 | D:7      | Reached XP level 10. HP: 57/70 MP: 10/10
  6883 | D:7      | Noticed a centaur warrior
  6898 | D:7      | Killed a centaur warrior
  6899 | D:7      | Reached skill level 5 in Armour
  6945 | D:7      | Noticed a cyclops
  6949 | D:7      | Reached skill level 13 in Axes
  6952 | D:7      | Killed a cyclops
  6966 | D:7      | Reached skill level 6 in Armour
  7020 | D:7      | Noticed a deep elf pyromancer
  7035 | D:7      | HP: 17/70 [fire elemental[a deep elf pyromancer] (12)]
  7036 | D:7      | HP: 8/70 [fire elemental[a deep elf pyromancer] (1)]
  7040 | D:7      | Killed a deep elf pyromancer
  7099 | D:7      | Identified the +2 ring mail of Zikkal {rN+}
  7203 | D:7      | You pick up a book of Blasting and begin reading...
  7203 | D:7      | You add the spells Volatile Blastmotes, Fulminant Prism,
                  | Iskenderun's Mystic Blast and Lee's Rapid Deconstruction to
                  | your library.
  7405 | D:7      | Found a shadowy altar of Dithmenos.
  7405 | D:7      | Found a bloodstained altar of Trog.
  7659 | D:7      | Identified 3 scrolls of acquirement
  7659 | D:7      | Acquired a manual of Shields
  7663 | D:7      | Acquired 918 gold pieces
  7667 | D:7      | Acquired a manual of Armour
  7699 | D:8      | Reached skill level 7 in Armour
  7715 | D:8      | Found a staircase to the Lair.
  7819 | D:8      | Found a broken altar of Ashenzari.
  7846 | D:8      | Reached XP level 11. HP: 66/75 MP: 11/11
  8139 | D:8      | Found an ancient bone altar of Kikubaaqudgha.
  8303 | D:8      | Found Wereatan's Tremendous Tomes.
  8403 | D:8      | You fall into a shaft and drop 3 floors!
  8456 | D:11     | Noticed a boulder beetle
  8462 | D:11     | Reached skill level 8 in Armour
  8525 | D:11     | Killed a boulder beetle
  8553 | D:11     | Found a frozen archway.
  8562 | D:11     | Reached skill level 14 in Axes
  8592 | IceCv    | Entered an ice cave
  8632 | IceCv    | Reached skill level 9 in Armour
  8945 | IceCv    | Reached skill level 10 in Armour
  9300 | IceCv    | Noticed a bog body
  9300 | IceCv    | Noticed a necromancer
  9307 | IceCv    | Killed a bog body
  9308 | IceCv    | Reached skill level 11 in Armour
  9314 | IceCv    | Killed a necromancer
  9434 | D:11     | Noticed a tengu warrior
  9488 | D:11     | Noticed a boulder beetle
  9513 | D:11     | Noticed a two-headed ogre
  9523 | D:11     | Killed a two-headed ogre
  9536 | D:11     | Killed a boulder beetle
  9537 | D:11     | Reached skill level 15 in Axes
  9670 | D:11     | Noticed Viom's ghost (journeyman MeFi)
  9672 | D:11     | Noticed a two-headed ogre
  9677 | D:11     | Found a transporter.
  9715 | D:11     | Found a transporter.
  9720 | D:11     | Noticed a purple ugly thing
  9728 | D:11     | Noticed a two-headed ogre
  9730 | D:11     | Noticed an orc knight
  9913 | D:11     | Reached skill level 12 in Armour
  9913 | D:11     | Reached XP level 12. HP: 81/81 MP: 12/12
 10048 | D:12     | Noticed Rupert
 10066 | D:12     | Killed Rupert
 10149 | D:12     | Noticed a boulder beetle
 10159 | D:12     | Reached skill level 13 in Armour
 10224 | D:12     | Noticed Frances
 10314 | D:12     | HP: 6/81 [Frances/+0 morningstar (28)]
 10316 | D:12     | Killed from afar by Frances

Vanquished Creatures
  Rupert (D:12)
  A centaur warrior (D:7)
  2 boulder beetles (D:11)
  A two-headed ogre (D:11)
  A bog body (IceCv)
  A necromancer (IceCv)
  A deep elf pyromancer (D:7)
  3 cyclopes
  2 ice statues (IceCv)
  A gargoyle (D:12)
  An unseen horror (D:12)
  Maggie (D:6)
  2 rime drakes (D:11)
  5 ice devils (IceCv)
  2 anaconda simulacra (IceCv)
  2 trolls
  Sigmund (D:2)
  2 wraiths
  2 dire elephant simulacra (IceCv)
  11 yaks
  A basilisk (D:11)
  A vampire mosquito (D:7)
  2 steam dragons (D:7)
  2 wargs (D:8)
  An acid dragon (D:7)
  3 harpy simulacra (IceCv)
  A water moccasin (D:7)
  3 hydra simulacra (IceCv)
  4 ice beasts
  3 sky beasts
  4 black bears
  8 orc warriors
  2 ogres (D:7)
  6 bullfrogs
  A gnoll sergeant (D:8)
  9 scorpions
  2 two-headed ogre simulacra (IceCv)
  5 electric eels
  8 howler monkeys
  2 human zombies (Ossuary)
  3 centaur zombies (Ossuary)
  8 hounds
  A gnoll bouda (D:6)
  4 jellies
  14 orc priests
  5 sleepcaps
  7 scorpion zombies (Ossuary)
  3 iguanas
  9 orc wizards
  A polar bear simulacrum (IceCv)
  A troll simulacrum (IceCv)
  4 mummies
  12 adders
  20 gnolls
  2 naga simulacra (IceCv)
  A shadow imp (D:7)
  A white imp (IceCv)
  An ufetubus (D:7)
  2 worms
  4 dart slugs
  43 orcs
  9 ball pythons
  10 endoplasms
  5 giant cockroaches
  3 gnoll zombies (Ossuary)
  41 goblins
  17 hobgoblins
  3 jackals (D:1)
  9 kobolds
  A quokka (D:4)
  7 bats
  3 frilled lizards
  3 goblin zombies (Ossuary)
  2 hobgoblin zombies (Ossuary)
  2 kobold zombies (Ossuary)
  An orc zombie (Ossuary)
  5 rats
378 creatures vanquished.

Vanquished Creatures (others)
  An orc (D:7)
  38 plants
39 creatures vanquished.

Grand Total: 417 creatures vanquished

Table legend:
 A = Non-vault XP
 B = Vault XP
 C = Vault XP percentage of total XP
 D = Non-vault monster count
 E = Vault monster count
 F = Vault count percentage of total count
                 A         B        C        D         E       F
            +---------+---------+-------+---------+---------+-------
      Total |   10862 |   17212 |  61.3 |     192 |     186 |  49.2
            +---------+---------+-------+---------+---------+-------
        D:1 |      48 |       0 |   0.0 |      27 |       0 |   0.0
        D:2 |      43 |     239 |  84.8 |      15 |       1 |   6.2
        D:3 |      75 |       0 |   0.0 |      20 |       0 |   0.0
        D:4 |     378 |     231 |  37.9 |      23 |      58 |  71.6
        D:5 |     745 |      98 |  11.6 |      21 |       3 |  12.5
        D:6 |     746 |     533 |  41.7 |      25 |       3 |  10.7
        D:7 |    1013 |    4100 |  80.2 |      16 |      29 |  64.4
        D:8 |     820 |     607 |  42.5 |      15 |       8 |  34.8
       D:11 |    3031 |    1913 |  38.7 |      14 |       5 |  26.3
       D:12 |    3963 |    1780 |  31.0 |      16 |       1 |   5.9
    Ossuary |       0 |    1036 | 100.0 |       0 |      32 | 100.0
     Bailey |       0 |     562 | 100.0 |       0 |      20 | 100.0
      IceCv |       0 |    6113 | 100.0 |       0 |      26 | 100.0
            +---------+---------+-------+---------+---------+-------

Skill      XL: |  1  2  3  4  5  6  7  8  9 10 11 12 |
---------------+-------------------------------------+-----
Axes           | 2 4 6 8 10 12 13 15 | 15.6
Shields        | 3 4 |  4.0
Armour         | 4 7 12 13 | 13.4
Fighting       | |  3.0

Action                     |  1- 3 |  4- 6 |  7- 9 | 10-12 || total
---------------------------+-------+-------+-------+-------++-------
  Melee: War axe           |    75 |    97 |   394 |   278 ||   844
         Headbutt          |       |    19 |    74 |   132 ||   225
         Hand axe          |       |       |       |   177 ||   177
  Evoke: Wand              |       |       |       |     6 ||     6
    Use: Potion            |     1 |       |       |     7 ||     8
         Scroll            |       |     4 |     8 |     8 ||    20
 Armour: Scale mail        |    30 |    30 |    64 |       ||   124
         Plate armour      |       |       |    84 |   244 ||   328
  Dodge: Dodged            |    37 |    37 |   114 |    70 ||   258
  Block: Buckler           |    32 |    56 |   195 |   213 ||   496

Illustrated notes

Table legend:
 A = Kills in this place as a percentage of kills in the entire game.
 B = Kills by you in this place as a percentage of kills by you in the entire game.
 C = Kills by friends in this place as a percentage of kills by friends in the entire game.
 D = Other kills in this place as a percentage of other kills in the entire game.
 E = Experience gained in this place as a percentage of experience gained in the entire game.
 F = Experience gained in this place divided by the number of levels of this place that you have seen.
                   A       B       C       D       E      F
               +-------+-------+-------+-------+-------+----------------------
         Total | 100.0 | 100.0 |   N/A |   N/A | 100.0 | 2159.5
       Dungeon |  79.4 |  79.4 |   N/A |   N/A |  72.5 | 2036.3
       Ossuary |   8.5 |   8.5 |   N/A |   N/A |   3.7 | 1036.0
        Bailey |   5.3 |   5.3 |   N/A |   N/A |   2.0 | 562.0
      Ice Cave |   6.9 |   6.9 |   N/A |   N/A |  21.8 | 6113.0
               +-------+-------+-------+-------+-------+----------------------

Table legend: (Time is in decaauts)
 A = Elapsed time spent in this place.
 B = Non-inter-level travel time spent in this place.
 C = Inter-level travel time spent in this place.
 D = Time resting spent in this place.
 E = Time spent auto-exploring this place.
 F = Levels seen in this place.
 G = Mean time per level.
                   A        B        C        D        E       F      G
               +--------+--------+--------+--------+--------+-----+--------+
         Total |  10373 |   9930 |    443 |    655 |   6690 |  13 |  797.9 |
       Dungeon |   8896 |   8453 |    443 |    227 |   6375 |  10 |  889.6 |
       Ossuary |    325 |    325 |      0 |      0 |    106 |   1 |  325.0 |
        Bailey |    320 |    320 |      0 |     36 |     63 |   1 |  320.0 |
      Ice Cave |    829 |    829 |      0 |    392 |    146 |   1 |  829.0 |
               +--------+--------+--------+--------+--------+-----+--------+

Top non-repeatable levels by time:
     D:4: 1349 daAuts
     D:7: 1194 daAuts
     D:5: 963 daAuts
     D:2: 963 daAuts
     D:1: 961 daAuts
     D:3: 893 daAuts
   IceCv: 829 daAuts
    D:11: 823 daAuts
     D:6: 802 daAuts
     D:8: 702 daAuts
 Ossuary: 325 daAuts
  Bailey: 320 daAuts
    D:12: 242 daAuts
